 Dungeon Crawl Stone Soup version 0.26-a0-682-g294304f6e8 (webtiles) character file.

Game seed: 13877064502270032027

184 somkeydreadnuts the Covered (level 5, -4/33 HPs)
             Began as a Gargoyle Fighter on Oct 21, 2020.
             Slain by an ogre
             ... wielding a +0 giant spiked club
              (9 damage)
             ... on level 4 of the Dungeon.
             The game lasted 00:08:15 (2112 turns).

somkeydreadnuts the Covered (Gargoyle Fighter)      Turns: 2112, Time: 00:08:16

Health: -4/33      AC: 14    Str: 21    XL:     5   Next: 63%
Magic:  5/5        EV:  8    Int:  8    God:
Gold:   105        SH:  9    Dex:  9    Spells: 4/4 levels left

rFire    . . .     SeeInvis .   a - +0 war axe
rCold    . . .     Faith    .   c - +0 kite shield
rNeg     + . .     Spirit   .   b - +0 scale mail
rPois    ∞         Reflect  .   (no helmet)
rElec    +         Harm     .   (no cloak)
rCorr    .         Rampage  .   (no gloves)
MR       .....                  g - +1 pair of boots
Stlth    ..........             (no amulet)
HPRegen  0.11/turn              (no ring)
MPRegen  0.09/turn              (no ring)

@: flying
A: big wings, rugged brown scales 1, negative energy resistance 1, electricity
resistance, unbreathing, petrification resistance, rot immunity, AC +4
a: Stop Flying


You were on level 4 of the Dungeon.
You visited 1 branch of the dungeon, and saw 4 of its levels.

You collected 105 gold pieces.

Inventory:

Hand Weapons
 a - a +0 war axe (weapon)
Armour
 b - a +0 scale mail (worn)
 c - a +0 kite shield (worn)
 g - a +1 pair of boots (worn)
 p - a +0 pair of boots
Scrolls
 e - 6 scrolls of identify
 h - a scroll of enchant weapon {unknown}
 m - a scroll of fog {unknown}
 q - a scroll of amnesia {unknown}
 r - a scroll of enchant armour {unknown}
Potions
 d - a potion of might
 f - a potion of invisibility {unknown}
 i - a potion of heal wounds {unknown}
 j - a potion of resistance {unknown}
 k - 2 potions of curing {unknown}
 l - 2 potions of berserk rage {unknown}
 n - a potion of lignification {unknown}
 o - a potion of stabbing {unknown}


   Skills:
 * Level 3.9 Fighting
 + Level 3.5 Axes
 - Level 4.3 Armour
 - Level 1.0 Dodging
 - Level 3.8 Shields


You had 4 spell levels left.
You didn't know any spells.
Your spell library was empty.

Dungeon Overview and Level Annotations

Branches:
Dungeon (4/15)
 Temple: D:4-7

Altars:


Innate Abilities, Weirdness & Mutations

You are resistant to torment.
Your stone body is resilient. (AC +4)
You are immune to poison.
You resist negative energy. (rN+)
You are resistant to electric shocks. (rElec)
You can survive without breathing.
You are immune to petrification.
You are immune to rotting.
Your large and strong wings let you fly indefinitely.
You are partially covered in rugged brown scales. (AC +1, +3% HP)


Message History

You kill the leopard gecko!
There is an open door here.
You see here a leopard gecko corpse.
You reach down and open the door.
There is an open door here.
An ogre comes into view. It is wielding a +0 giant spiked club.
The ogre shouts!
You block the ogre's attack.
You hit the ogre.
The ogre is moderately wounded.
The ogre hits you with a +0 giant spiked club!
Ouch! That really hurt!
You hit the ogre.
The ogre is heavily wounded.
The ogre hits you with a +0 giant spiked club!
* * * LOW HITPOINT WARNING * * *
Your shield prevents you from hitting the ogre.
The ogre is heavily wounded.
The ogre hits you with a +0 giant spiked club!
You die...

..........####.#
.[........'....#.#
..........##.#.#.#
........(.##.#.#.#
..........##<#.#.#
##'#'#########.#.#
##.#.# #.#.#
...#.# #.#O#
##.#.# #.#@# ###.#
#.#.# ..# #...#
### #####


You could see an ogre.

Vanquished Creatures
  A hound (D:2)
  An orc wizard (D:3)
  A hound skeleton (D:3)
  2 adders
  2 oozes
  2 worms
  3 dart slugs
  5 leopard geckos
  2 orcs (D:3)
  3 giant cockroaches
  10 hobgoblins
  5 jackals
  8 bats
  4 frilled lizards
  6 goblins
  5 kobolds
  6 rats
66 creatures vanquished.

Notes
Turn   | Place    | Note
-------+----------+-------------------------------------------
     0 | D:1      | somkeydreadnuts the Gargoyle Fighter began the quest for
                  | the Orb.
     0 | D:1      | Reached XP level 1. HP: 14/14 MP: 1/1
   196 | D:1      | Reached XP level 2. HP: 13/19 MP: 2/2
   553 | D:1      | Reached XP level 3. HP: 23/23 MP: 3/3
  1119 | D:2      | Reached XP level 4. HP: 27/29 MP: 4/4
  1467 | D:3      | Gained mutation: Your large and strong wings let you fly
                  | indefinitely. [potion of mutation]
  1467 | D:3      | Gained mutation: You are partially covered in rugged brown
                  | scales. (AC +1, +3% HP) [potion of mutation]
  1570 | D:3      | Reached XP level 5. HP: 28/33 MP: 5/5
  1644 | D:3      | Reached skill level 1 in Dodging
  1677 | D:3      | Reached skill level 4 in Armour
  2106 | D:4      | Noticed an ogre
  2112 | D:4      | Slain by an ogre

Illustrated notes

Levels and vault maps discovered:
D:1:      ncdulo_halloftheorcs, layout_rooms
D:2:      layout_basic, minmay_fountain_box, minmay_tree_intersection,
          feat_on_display
D:3:      layout_rooms, minmay_misc_feat_secret_circle, grunt_ministairs_6
D:4:      layout_basic, minmay_temple_entry_hall

Skill      XL: |  1  2  3  4  5 |
---------------+----------------+-----
Axes           | 2 3 |  3.5
Dodging        | 1 |  1.0
Armour         | 4 |  4.3
Fighting       | |  3.9
Shields        | |  3.8

Action                   |  1- 3 |  4- 6 || total
-------------------------+-------+-------++-------
Melee: War axe           |   130 |    92 ||   222
 Abil: Fly               |       |     1 ||     1
  Use: Scroll            |       |     2 ||     2
       Potion            |       |     1 ||     1
Armor: Scale mail        |   101 |    50 ||   151
Dodge: Dodged            |    47 |    40 ||    87
Block: Kite shield       |    95 |    50 ||   145

Table legend: (Time is in decaauts)
 A = Elapsed time spent in this place.
 B = Non-inter-level travel time spent in this place.
 C = Inter-level travel time spent in this place.
 D = Time resting spent in this place.
 E = Time spent auto-exploring this place.
 F = Levels seen in this place.
 G = Mean time per level.
                   A        B        C        D        E       F      G
               +--------+--------+--------+--------+--------+-----+--------+
         Total |   2221 |   2221 |      0 |      0 |   1167 |   4 |  555.2 |
       Dungeon |   2221 |   2221 |      0 |      0 |   1167 |   4 |  555.2 |
               +--------+--------+--------+--------+--------+-----+--------+

Top non-repeatable levels by time:
     D:1: 851 daAuts
     D:3: 695 daAuts
     D:2: 586 daAuts
     D:4: 87 daAuts
